 Dungeon Sprint DCSS version 0.32-a0-673-g3729bd50f8 (webtiles) character file.

Game seed: 7045794945844998482

87 rocky1 the Cudgeller (level 4, 0/57 HPs)
             Began as a Mountain Dwarf Gladiator on Mar 10, 2024.
             Was an Initiate of Gozag.
             Slain by a two-headed ogre
             ... wielding a +0 giant club
              (14 damage)
             ... in the Dungeon (Sprint IX: "|||||||||||||||||||||||||||||").
             The game lasted 00:00:57 (396 turns).

rocky1 the Cudgeller (Mountain Dwarf Gladiator)      Turns: 396, Time: 00:00:58

Health: 0/57       AC: 11    Str: 18    XL:     4   Next: 28%
Magic:  4/4        EV: 12    Int:  9    God:    Gozag
Gold:   0          SH:  0    Dex: 11    Spells: 3/3 levels left

rFire   . . .        q - +2 dire flail (protect)
rCold   . . .        (shield currently unavailable)
rNeg    . . .        b - +0 leather armour
rPois   .            c - +0 helmet
rElec   .            (no cloak)
rCorr   .            (no gloves)
SInv    .            (no boots)
Will    .....        (no amulet) Stlth
                     (no ring)
HPRegen 0.29/turn    (no ring)
MPRegen 0.09/turn

%: no teleportation
@: berserking, under a protective aura, very quick
A: runic magic, artefact enchanting
a: Renounce Religion, Potion Petition, Call Merchant, Bribe Branch


You were in the Dungeon.
You worshipped Gozag.
Gozag was noncommittal.
You visited 1 branch

Inventory:

Hand Weapons
 a - a +0 flail
 q - a +2 dire flail of protection (weapon)
Missiles
 d - a throwing net (quivered)
 e - a javelin
Armour
 b - a +0 leather armour (worn)
 c - a +0 helmet (worn)
Jewellery
 o - a +2 ring of evasion
 p - a +3 ring of intelligence
Wands
 n - a wand of iceblast (10)
Scrolls
 k - 2 scrolls of blinking
 m - 2 scrolls of amnesia
Potions
 f - a potion of invisibility
 g - 2 potions of heal wounds
 h - a potion of haste
 i - 4 potions of magic
 l - 4 potions of curing


   Skills:
 + Level 3.3 Fighting
 + Level 7.2 Maces & Flails
 + Level 2.5 Throwing
 + Level 2.7 Armour
 + Level 4.0 Dodging
 + Level 1.3 Stealth


You had 3 spell levels left.
You didn't know any spells.
Your spell library was empty.

Dungeon Overview and Level Annotations

Branches:
Dungeon (1/1)

Altars:
Cheibriados
Dithmenos
Elyvilon
Fedhas
Gozag
Hepliaklqana
Kikubaaqudgha
Makhleb
Nemelex Xobeh
Okawaru
Qazlal
Ru
Sif Muna
Trog
Uskayaw
Vehumet
Wu Jian
Xom
Yredelemnul
Zin
The Shining One
Beogh
Jiyva
Lugonu


Innate Abilities, Weirdness & Mutations

Your spellcasting is much less encumbered by armour.
You can use scrolls of enchantment on lesser artefacts.


Message History

q - a +2 dire flail of protection The vampire hits you!
* * * LOW HITPOINT WARNING * * *
The vampire bites you!
* * * LOW HITPOINT WARNING * * *
The vampire draws strength from your injuries!
Your +2 dire flail of protection hums with potential!
q - a +2 dire flail of protection (weapon)
Unknown command.
You feel much better.
Unknown command.
A red film seems to cover your vision as you go berserk!
You feel yourself moving faster!
You feel mighty!
The two-headed ogre hits you with a +0 giant club!
The two-headed ogre closely misses you.
Unknown command.
You puncture the two-headed ogre!
Your weapon exudes an aura of protection.
The two-headed ogre is lightly wounded.
You puncture the two-headed ogre!
The two-headed ogre is heavily wounded.
The two-headed ogre hits you but does no damage.
The two-headed ogre hits you with a +0 giant spiked club!!
* * * LOW HITPOINT WARNING * * *
You hit the two-headed ogre.
The two-headed ogre is heavily wounded.
You hit the two-headed ogre.
The two-headed ogre is heavily wounded.
You closely miss the two-headed ogre.
The two-headed ogre is heavily wounded.
The two-headed ogre misses you. The two-headed ogre closely misses you.
You hit the two-headed ogre.
The two-headed ogre is severely wounded.
You hit the two-headed ogre.
The two-headed ogre is severely wounded.
You sock the two-headed ogre!
The two-headed ogre is almost dead.
The two-headed ogre hits you with a +0 giant club!
You die...
Your body crumbles into a pile of gold. ▓▓▓▓▓▓▓▓▓▓▓▓▓▓▓▓▓▓▓▓▓▓▓▓▓▓▓▓▓▓ _____________'..@OVYKTy'.T...y ▓▓▓▓▓▓▓▓▓▓▓▓▓▓▓▓▓▓▓▓▓▓▓▓▓▓▓▓▓▓

You could see a two-headed ogre, a yak, a troll, a vampire, a vampire mosquito and a kobold brigand.

Vanquished Creatures
  A scorpion (D)
  An adder (D)
  A shadow imp (D)
  A ribbon worm (D)
  An orc (D)
  A ball python (D)
  2 endoplasms (D)
  A hobgoblin (D)
  A bat (D)
10 creatures vanquished.

Notes
Turn   | Place    | Note
-------+----------+-------------------------------------------
     0 | D        | rocky1 the Mountain Dwarf Gladiator began the quest for the
                  | Orb.
     0 | D        | Reached XP level 1. HP: 17/17 MP: 1/1
     6 | D        | Reached skill level 4 in Maces & Flails
    18 | D        | Noticed a scorpion
    30 | D        | Reached skill level 5 in Maces & Flails
    30 | D        | Reached XP level 2. HP: 7/25 MP: 2/2
    36 | D        | HP: 1/25 [poisoned by a scorpion]
    40 | D        | Killed a scorpion
    41 | D        | Reached skill level 6 in Maces & Flails
    41 | D        | Reached skill level 1 in Stealth
    41 | D        | Reached XP level 3. HP: 16/31 MP: 3/3
    41 | D        | Reached XP level 4. HP: 20/38 MP: 4/4
    46 | D        | Reached skill level 7 in Maces & Flails
   335 | D        | Found a roughly hewn altar of Beogh.
   335 | D        | Found a snail-covered altar of Cheibriados.
   335 | D        | Found a shadowy altar of Dithmenos.
   335 | D        | Found a white marble altar of Elyvilon.
   335 | D        | Found a blossoming altar of Fedhas.
   335 | D        | Found an opulent altar of Gozag.
   336 | D        | Found a hazy altar of Hepliaklqana.
   337 | D        | Found a viscous altar of Jiyva.
   338 | D        | Found an ancient bone altar of Kikubaaqudgha.
   339 | D        | Found a corrupted altar of Lugonu.
   340 | D        | Found a burning altar of Makhleb.
   341 | D        | Found a sparkling altar of Nemelex Xobeh.
   342 | D        | Found an iron altar of Okawaru.
   343 | D        | Became a worshipper of Gozag Ym Sagoz the Greedy
   344 | D        | Found a stormy altar of Qazlal.
   345 | D        | Found a sacrificial altar of Ru.
   346 | D        | Found a shimmering blue altar of Sif Muna.
   347 | D        | Found a bloodstained altar of Trog.
   348 | D        | Found a hide-covered altar of Uskayaw.
   349 | D        | Found a radiant altar of Vehumet.
   350 | D        | Found an ornate altar of the Wu Jian Council.
   351 | D        | Found a shimmering altar of Xom.
   352 | D        | Found a basalt altar of Yredelemnul.
   353 | D        | Found a glowing silver altar of Zin.
   354 | D        | Found a glowing golden altar of the Shining One.
   378 | D        | Noticed a vampire
   378 | D        | Noticed a two-headed ogre
   378 | D        | Noticed a yak
   378 | D        | Noticed a kobold brigand
   378 | D        | Noticed a troll
   378 | D        | Noticed a vampire mosquito
   396 | D        | Slain by a two-headed ogre

Illustrated notes

Levels and vault maps discovered:
D:        linesprint [early_d, line_temple, items_1, d_10, items_2, lair_1,
          lair_end, items_3, orc_1, orc_end, items_4, d_15, swamp_1, shoals_1,
          snake_1, spider_1, d_20, vaults_1, items_5, swamp_end, shoals_end,
          snake_end, spider_end, vaults_end, d_27, items_6, zot_1, zot_end,
          crypt_end, forest_end, elf_end, slime_end, tomb_end, abyss_end,
          pan_hell_end]

Skill      XL: |  1  2  3  4 |
---------------+-------------+-----
Maces & Flails | 5 6 7 |  7.2
Dodging        | 3 4 |  4.0
Fighting       | 3 |  3.3
Throwing       | 2 |  2.5
Armour         | 2 |  2.7
Stealth        | 1 |  1.3

Action                     |  1- 3 |  4- 6 || total
---------------------------+-------+-------++-------
  Melee: Flail             |    27 |     8 ||    35
         Dire flail        |       |     8 ||     8
  Throw: Throwing net      |     2 |       ||     2
    Use: Potion            |     1 |     2 ||     3
   Stab: Sleeping          |     1 |       ||     1
         Held in net/web   |     1 |       ||     1
 Armour: Leather armour    |    16 |    10 ||    26
  Dodge: Dodged            |    14 |     7 ||    21

Table legend: (Time is in decaauts)
 A = Elapsed time spent in this place.
 B = Non-inter-level travel time spent in this place.
 C = Inter-level travel time spent in this place.
 D = Time resting spent in this place.
 E = Time spent auto-exploring this place.
 F = Levels seen in this place.
 G = Mean time per level.
                   A        B        C        D        E       F      G
               +--------+--------+--------+--------+--------+-----+--------+
         Total |    397 |    397 |      0 |    279 |      0 |   1 |  397.0 |
       Dungeon |    397 |    397 |      0 |    279 |      0 |   1 |  397.0 |
               +--------+--------+--------+--------+--------+-----+--------+

Top non-repeatable levels by time:
       D: 397 daAuts
